 Dungeon Crawl Stone Soup version 0.25.0-9-g26727b657a (webtiles) character file.

Game seed: 17663884124667175788

11 Esekla the Grasshopper (level 2, -1/23 HPs)
             Began as a Barachi Warper on June 16, 2020.
             Slain by a leopard gecko (2 damage)
             ... on level 1 of the Dungeon.
             The game lasted 00:01:19 (116 turns).

Esekla the Grasshopper (Barachi Warper)              Turns: 116, Time: 00:01:20

Health: -1/23      AC:  3    Str: 12    XL:     2   Next: 25%
Magic:  5/5        EV: 12    Int: 13    God:
Gold:   16         SH:  0    Dex: 11    Spells: 5/5 levels left

rFire    . . .     SeeInvis .   a - +0 falchion
rCold    . . .     Gourm    .   (no shield)
rNeg     . . .     Faith    .   b - +0 leather armour
rPois    .         Spirit   .   (no helmet)
rElec    .         Reflect  .   (no cloak)
rCorr    .         Harm     .   (no gloves)
MR       .....                  (no boots)
Stlth    +.........             (no amulet)
HPRegen  0.07/turn              (no ring)
MPRegen  0.09/turn              (no ring)

@: can't hop, slow
A: +LOS, swims, slowness 1, strong legs 1
a: Hop


You were on level 1 of the Dungeon.
You were not hungry.

You visited 1 branch of the dungeon, and saw 1 of its levels.

You collected 16 gold pieces.

Inventory:

Hand Weapons
 a - a +0 falchion (weapon)
Missiles
 e - 5 boomerangs of dispersal (quivered)
Armour
 b - a +0 leather armour (worn)
Scrolls
 d - a scroll of blinking
Potions
 c - a potion of degeneration {unknown}
Comestibles
 f - 2 rations


   Skills:
 * Level 2.5 Fighting
 * Level 3.2 Long Blades
 - Level 1.0 Throwing
 + Level 1.4 Armour
 + Level 2.2 Dodging
 + Level 2.3 Spellcasting
   Level 3.2 Translocations


You had 5 spell levels left.
You didn't know any spells.
Your spell library contained the following spells:

 Spells                   Type           Power        Failure   Level  Hunger
 Blink                    Tloc           N/A          12%         2    ###....
 Shroud of Golubria       Chrm/Tloc      #.....       24%         2    ###....
 Gell's Gravitas          Tloc           ##........   24%         3    ####...
 Lesser Beckoning         Tloc           ##........   24%         3    ####...
 Teleport Other           Tloc           ##......     24%         3    ####...
 Passage of Golubria      Tloc           N/A          63%         4    #####..


Dungeon Overview and Level Annotations

Branches:
Dungeon (1/15)

Altars:


Innate Abilities, Weirdness & Mutations

You can be seen from farther away. (+LOS)
You can swim through water.
You cover ground slowly.
You can hop short distances.


Message History

The bat misses you. The bat completely misses you.
You hit the bat but do no damage. The bat closely misses you.
The bat hits you but does no damage.
You hit the hobgoblin.
The hobgoblin is moderately wounded.
The hobgoblin hits you but does no damage.
Hop to where?
Press: ? - help, Dir - move target cursor Boing!
The bat barely misses you.
You riposte.
You barely miss the bat. The bat barely misses you. The bat hits you.
* * * LOW HITPOINT WARNING * * *
The leopard gecko bites you.
* * * LOW HITPOINT WARNING * * *
There is a stone staircase leading down here.
The bat barely misses you. The bat hits you but does no damage.
The leopard gecko bites you.
You die...

.......##.# #.#.##......#
..!....##.# #.#.##......#
###....##.##
#.#.##......# #........#
#.#.##.######
#........###.#.##.....#
#..............##.....#
#######.#......##.....#
#.#....l.##.....#
#.##..gb@.......## ##
#.##.....#.......# +.
#.##.....#......(#######.
#.##.....#...(..)......'.
#.##.....#.........(...#.
.........#.............##
.........#.......#######
....######.......# ....
#.......#


You could see a leopard gecko, a hobgoblin and a bat.

Vanquished Creatures
  An ooze (D:1)
  2 goblins (D:1)
  A hobgoblin (D:1)
  2 bats (D:1)
  A rat (D:1)
7 creatures vanquished.

Notes
Turn   | Place    | Note
-------+----------+-------------------------------------------
     0 | D:1      | Esekla the Barachi Warper began the quest for the Orb.
     0 | D:1      | Reached XP level 1. HP: 17/17 MP: 3/3
   101 | D:1      | Reached XP level 2. HP: 16/23 MP: 5/5
   115 | D:1      | HP: 1/23 [leopard gecko (2)]
   116 | D:1      | Slain by a leopard gecko

Illustrated notes

Levels and vault maps discovered:
D:1:      dpeg_arrival_ratfight, layout_basic

Skill      XL: |  1 |
---------------+----+-----
Long Blades    | 3 |  3.2
Fighting       | |  2.5
Throwing       | |  1.0
Armour         | |  1.4
Dodging        | |  2.2
Spellcasting   | |  2.3
Translocations | |  3.2

Action                   || total
-------------------------++-------
Melee: Falchion          ||    16
 Abil: Hop               ||     1
Armor: Leather armour    ||    13
Dodge: Dodged            ||    40
       Rpst.: Falchion   ||     9
